 Dungeon Crawl Stone Soup version 0.19.0-24-gb05acd6 (webtiles) character file.

138 Patate the Conjurer (level 5, -3/38 HPs)
             Began as a Draconian Conjurer on Nov 23, 2016.
             Slain by Natasha (7 damage)
             ... on level 2 of the Dungeon.
             The game lasted 00:13:17 (2590 turns).

Patate the Conjurer (Draconian Conjurer)            Turns: 2590, Time: 00:13:17

Health: -3/38      AC:  7    Str: 10    XL:     5   Next: 1%
Magic:  0/9        EV: 12    Int: 17    God:
Gold:   132        SH:  0    Dex: 11    Spells: 1 memorised, 9 levels left

rFire  . . .     SeeInvis .     (no weapon)
rCold  . . .     Gourm    .     (armour unavailable)
rNeg   . . .     Faith    .     (no shield)
rPois  .         Spirit   .     (helmet restricted)
rElec  .         Reflect  .     (no cloak)
rCorr  .         Harm     .     h - +1 pair of gloves
MR     .....                    (no boots)
Stlth  ++........               (no amulet)
                                (no ring)
                                (no ring)

@: very slightly contaminated, slowed, very slow
A: unfitting armour, cold-blooded, AC +5
a: no special abilities


You were on level 2 of the Dungeon.
You were not hungry.

You visited 1 branch of the dungeon, and saw 3 of its levels.

You collected 132 gold pieces.

Inventory:

Armour
 h - a +1 pair of gloves (worn)
Scrolls
 e - a scroll of enchant armour
Potions
 c - 2 potions of curing
 k - a potion of invisibility {unknown}
Books
 a - a book of Conjurations

   Spells                             Type                      Level
   a - Magic Dart                     Conjuration                  1
   b - Searing Ray                    Conjuration                  2
   c - Dazzling Spray                 Conjuration/Hexes            3
   d - Fulminant Prism                Conjuration/Hexes            4
   e - Iskenderun's Mystic Blast      Conjuration                  4
   f - Iskenderun's Battlesphere      Conjuration/Charms           5
Comestibles
 b - 3 bread rations
 d - 2 meat rations
 i - a slice of pizza
 m - a beef jerky


   Skills:
 - Level 2.0 Dodging
 - Level 1.8 Stealth
 + Level 3.1 Spellcasting
 * Level 5.5 Conjurations


You had 9 spell levels left.
You knew the following spells:

 Your Spells              Type           Power        Failure   Level  Hunger
a - Magic Dart            Conj           ###.         1%          1    None


Dungeon Overview and Level Annotations

Branches:
Dungeon (3/15)

Altars:
Ru

Annotations:
D:2 Natasha


Innate Abilities, Weirdness & Mutations

Your plain brown scales are hard. (AC +5)
You cannot fit into any form of body armour.
You are cold-blooded and may be slowed by cold attacks.


Message History

Natasha is almost dead.
Natasha barely misses you. Natasha claws you.
* * * LOW HITPOINT WARNING * * *
Casting: Magic Dart
Confirm with . or Enter, or press ? or * to list all spells.
Aiming: Magic Dart
Press: ? - help, Shift-Dir - straight line, f/p - Natasha
Aim: Natasha, carrying a wand of slowing {zapped: 5} (almost dead)
You miscast Magic Dart.
You are very lightly contaminated with residual magic.
Nothing appears to happen.
The shadow imp disappears in a puff of smoke!
Natasha claws you.
* * * LOW HITPOINT WARNING * * *
You closely miss Natasha.
Natasha is almost dead.
Natasha zaps a wand.
You feel as though you will be slow longer.
Natasha claws you!
You die...

#....<###....# #.#
######.#.##.## #.#
##.##...#########.#
#.##.#........##.# #
#.##...######.##.# #
#.###### #.##.# # #.#
##.##.# ## #.#
######...#.### .#######.#
#§h@†........# .........#
#.####...#.#.# .#########
#.# ##.##.#.# ##
####.#####.##.#.# #
#...#.))......#.# #
#..#.#####.####.# #
######.#######.# #.# #
#...........##.# #.# #
#####.####.####.##.####.#


You could see Natasha.

Vanquished Creatures
  Natasha (twice) (D:2 D:3)
  3 adders
  2 worms (D:2)
  3 dart slugs (D:2)
  A leopard gecko (D:2)
  2 orcs (D:2)
  2 giant cockroaches (D:2)
  8 goblins
  6 hobgoblins
  A ball python (D:3)
  6 bats
  3 frilled lizards
  5 kobolds
  7 rats
51 creatures vanquished.

Notes
Turn   | Place    | Note
-------+----------+-------------------------------------------
     0 | D:1      | Patate the Draconian Conjurer began the quest for the Orb.
     0 | D:1      | Reached XP level 1. HP: 14/14 MP: 3/3
   719 | D:2      | Reached XP level 2. HP: 20/20 MP: 1/5
   775 | D:2      | Found a sacrificial altar of Ru.
   957 | D:2      | Reached XP level 3. HP: 18/26 MP: 4/6
  1577 | D:2      | Noticed Natasha
  1587 | D:2      | Killed Natasha
  1587 | D:2      | Reached skill level 5 in Conjurations
  1606 | D:2      | Reached XP level 4. HP: 33/33 MP: 0/8
  2254 | D:2      | Noticed Natasha
  2468 | D:3      | Killed Natasha
  2470 | D:3      | Noticed Natasha
  2579 | D:2      | Reached XP level 5. HP: 23/38 MP: 3/9
  2590 | D:2      | Slain by Natasha

Skill      XL: |  1  2  3  4 |
---------------+-------------+-----
Dodging        | 2 |  2.0
Conjurations   | 5 |  5.5
Spellcasting   | 3 |  3.1
Stealth        | |  1.8

Action                   |  1- 3 |  4- 6 || total
-------------------------+-------+-------++-------
Melee: Unarmed           |    80 |    68 ||   148
       Tailslap          |     6 |     4 ||    10
 Cast: Magic Dart        |    64 |    53 ||   117
  Use: Scroll            |     4 |     3 ||     7
       Potion            |       |     2 ||     2
 Stab: Sleeping          |     1 |     1 ||     2
  Eat: Chunk             |     3 |     3 ||     6
Armor: Skin              |    40 |    43 ||    83
Dodge: Dodged            |    79 |    94 ||   173
